AoeStats
← danicick

Arabian Desert

510082949Analyzed
1v1 RM · 3d ago on Sep 29, 2026· 31m 47s· 2 players
Game mode
Random Map
Map size
Tiny (2 player)
Population
200
Speed
Normal
Resources
Standard
Victory
Conquest
Starting age
Dark Age
Ending age
Imperial Age
RankedLock teamsTeams togetherTeam positionsShared explorationLock speedFull tech treeHidden civsTurbo modeCheats
Victory
Defeat
🇫🇷 Romans · France
942
+15
🇹🇼 Aztecs · Taiwan
911
-15
danicick
0:27 Loom
12:09 Feudal Age
13:41 Wheelbarrow
12:57 Double-Bit Axe
16:05 Horse Collar
20:36 Castle Age
18:43 Fletching
19:04 Gold Mining
19:37 Padded Archer Armor
19:38 Scale Mail Armor
19:30 Man-at-Arms
20:55 Forging
21:59 Stone Mining
22:48 Gold Shaft Mining
24:24 Redemption
24:56 Squires
24:42 Arson
24:52 Crossbowman
25:51 Bow Saw
26:18 Gambesons
28:43 Heavy Plow
LAMWETTE
6:34 Loom
9:30 Feudal Age
12:55 Double-Bit Axe
13:38 Horse Collar
14:01 Man-at-Arms
15:41 Scale Mail Armor
17:11 Wheelbarrow
20:05 Castle Age
18:52 Gold Mining
19:27 Stone Mining
21:01 Bow Saw
20:53 Heavy Plow
20:46 Long Swordsman
22:19 Chain Mail Armor
23:04 Gold Shaft Mining
23:14 Squires
27:11 Hand Cart
29:21 Forging
Connection lost

Rejoining the realm…

Still unreachable

The connection could not be restored.

Session expired

The server has moved on; the page needs a fresh start.